 Dungeon Crawl Stone Soup version 0.28-a0-793-g31680bbd8b (webtiles) character file.

Game seed: 17026291172501659245

151 cheechan the Chopper (level 5, 0/36 HPs)
             Began as an Octopode Fighter on Nov 4, 2021.
             Was an Initiate of Okawaru.
             Slain by a gnoll (9 damage)
             ... on level 3 of the Dungeon.
             The game lasted 00:06:29 (2090 turns).

cheechan the Chopper (Octopode Fighter)             Turns: 2090, Time: 00:06:30

Health: 0/36       AC:  1    Str: 15    XL:     5   Next: 33%
Magic:  5/5        EV: 14    Int: 10    God:    Okawaru [......]
Gold:   140        SH:  5    Dex: 13    Spells: 4/4 levels left

rFire   . . .      SeeInvis .   a - +0 war axe
rCold   . . .      Faith    .   b - +0 buckler
rNeg    . . .      Spirit   .   (helmet restricted)
rPois   .          Reflect  .   k - amulet of regeneration
rElec   .          Harm     .   j - ring of resist corrosion
rCorr   +          Rampage  .   (no ring)
Will    .....                   (no ring)
Stlth   +++.......              (no ring)
HPRegen 1.12/turn               (no ring)
MPRegen 0.09/turn               (no ring)
                                (no ring)
                                (no ring)

@: mighty
A: almost no armour, amphibious, 8 rings, camouflage 1, gelatinous body 1,
(nimble swimmer 1), tentacles
a: Renounce Religion


You were on level 3 of the Dungeon.
You worshipped Okawaru.
Okawaru was noncommittal.
You visited 1 branch of the dungeon, and saw 3 of its levels.

You collected 140 gold pieces.

Inventory:

Hand Weapons
 a - a +0 war axe (weapon)
 d - a +0 whip
Missiles
 f - 2 javelins (quivered)
 g - 44 arrows
 i - 50 bolts
 l - 18 sling bullets
Armour
 b - a +0 buckler (worn)
Jewellery
 e - an amulet of guardian spirit
 j - a ring of resist corrosion (left tentacle)
 k - an amulet of regeneration (around mantle)
Potions
 h - a potion of curing
 m - 2 potions of heal wounds
 n - a potion of brilliance {unknown}


   Skills:
 + Level 3.4 Fighting
 + Level 3.8 Axes
 + Level 3.5 Dodging
 + Level 2.5 Stealth
 + Level 3.4 Shields


You had 4 spell levels left.
You didn't know any spells.
Your spell library contained the following spells:

 Spells                   Type           Power      Damage    Failure   Level
 Vampiric Draining        Necr           0%         2d6       77%         3
 Leda's Liquefaction      Hex/Erth       0%         N/A       99%         4
 Excruciating Wounds      Necr           0%         N/A       100%        5


Dungeon Overview and Level Annotations

Branches:
Dungeon (3/15)

Altars:
Okawaru

Shops:
D:3 [


Innate Abilities, Weirdness & Mutations

You cannot wear most types of armour.
You are amphibious.
You can wear up to eight rings at the same time.
Your skin changes colour to match your surroundings (Stealth+).
Your rubbery body absorbs attacks. (AC +1, EV +1)
((You are camouflaged near water. (Stealth+)))
You have tentacles for arms and can constrict up to eight enemies at once.


Message History

The gnoll completely misses you.
You hit the gnoll.
You kill the gnoll!
Okawaru accepts your kill.
You barely miss the gnoll. The gnoll barely misses you.
A gnoll comes into view. It is wielding a +0 spear.
The hobgoblin hits you.
You hit the hobgoblin but do no damage. You grab the hobgoblin.
You barely miss the gnoll. You constrict the hobgoblin.
A goblin comes into view. It is wielding a +0 club.
The gnoll hits you with a +0 club. The hobgoblin barely misses you.
You slash the hobgoblin!
You kill the hobgoblin!
Okawaru accepts your kill.
You hit the gnoll. The gnoll hits you with a +0 club!
The gnoll closely misses you. x2
The ball python bites you. You block the ball python's attack.
The gnoll barely misses you. You block the gnoll's attack.
Things that are here:
a +0 club; a +0 spear; a hobgoblin corpse You feel very mighty all of a sudden.
The ball python misses you. The ball python closely misses you.
The gnoll barely misses you. The ball python bites you.
The ball python misses you. The gnoll misses you.
You barely miss the gnoll. Your grab misses the gnoll.
The gnoll is moderately wounded.
You barely miss the ball python. The gnoll barely misses you.
The ball python closely misses you. x2; The gnoll hits you with a +0 club.
The gnoll hits you from afar with a +0 spear!
* * * LOW HITPOINT WARNING * * *
You closely miss the gnoll. Your grab misses the gnoll.
The gnoll is moderately wounded.
You closely miss the ball python. You slash the goblin!
You kill the goblin!
Okawaru accepts your kill. The ball python closely misses you.
The ball python barely misses you. The gnoll hits you with a +0 club.
* * * LOW HITPOINT WARNING * * *
The gnoll hits you from afar with a +0 spear!
You die...

#.. .. ..# .. ..# #
#### #. ...# #. ...
#. ..#.# ###.##..
######.###....#
#......[
.......S.g..#####.#
#... #g@).........#
#...
##.#.#.####..###.#.
#.#.#># #..†...#.
#.#.#.# #........
#.#.#.######...###
#.#.#..<.# ##.##
#........####>#
###.#.........#
#.###.#######


You could see 2 gnolls and a ball python.

Vanquished Creatures
  2 gnolls (D:3)
  6 adders
  2 worms (D:2)
  3 dart slugs
  An orc (D:3)
  4 bats
  8 endoplasms
  5 giant cockroaches
  5 goblins (D:3)
  5 hobgoblins
  3 jackals (D:1)
  3 kobolds
  5 quokkas
  4 ball pythons
  3 frilled lizards (D:2)
  4 rats
63 creatures vanquished.

Vanquished Creatures (others)
  A fungus (D:1)
1 creature vanquished.

Grand Total: 64 creatures vanquished

Notes
Turn   | Place    | Note
-------+----------+-------------------------------------------
     0 | D:1      | cheechan the Octopode Fighter began the quest for the Orb.
     0 | D:1      | Reached XP level 1. HP: 16/16 MP: 1/1
   138 | D:1      | Reached XP level 2. HP: 17/21 MP: 2/2
   416 | D:1      | Reached XP level 3. HP: 23/26 MP: 3/3
   445 | D:1      | Found an iron altar of Okawaru.
   500 | D:1      | Became a worshipper of Warmaster Okawaru
   717 | D:2      | Found a faded altar of an unknown god.
   869 | D:2      | Got the Incunabulum of the Eagle
   887 | D:2      | Reached XP level 4. HP: 17/31 MP: 4/4
  1175 | D:2      | Reached skill level 1 in Stealth
  1896 | D:3      | Found Nyperia's Antique Armour Emporium.
  1919 | D:3      | Reached XP level 5. HP: 36/36 MP: 5/5
  2090 | D:3      | Slain by a gnoll

Illustrated notes

Levels and vault maps discovered:
D:1:      dpeg_arrival_prison, layout_basic, kennysheep_flooded_box
D:2:      layout_basic, ebering_ecumenical_altar_box
D:3:      layout_loops_ring, ashenzari_altar_1, serial_shops, shop_statue,
          minmay_misc_feat_columns

Skill      XL: |  1  2  3  4  5 |
---------------+----------------+-----
Axes           | 3 |  3.8
Stealth        | 1 2 |  2.5
Fighting       | |  3.4
Dodging        | |  3.5
Shields        | |  3.4

Action                   |  1- 3 |  4- 6 || total
-------------------------+-------+-------++-------
Melee: War axe           |    49 |    59 ||   108
       Constrict         |    12 |    15 ||    27
       Tentacles         |     4 |     8 ||    12
  Use: Scroll            |     4 |     2 ||     6
       Potion            |       |     1 ||     1
 Stab: Sleeping          |     2 |     6 ||     8
Armor: Skin              |     1 |     4 ||     5
Dodge: Dodged            |    34 |    48 ||    82
Block: Buckler           |    10 |    10 ||    20

Table legend: (Time is in decaauts)
 A = Elapsed time spent in this place.
 B = Non-inter-level travel time spent in this place.
 C = Inter-level travel time spent in this place.
 D = Time resting spent in this place.
 E = Time spent auto-exploring this place.
 F = Levels seen in this place.
 G = Mean time per level.
                   A        B        C        D        E       F      G
               +--------+--------+--------+--------+--------+-----+--------+
         Total |   2127 |   2127 |      0 |    278 |      0 |   3 |  709.0 |
       Dungeon |   2127 |   2127 |      0 |    278 |      0 |   3 |  709.0 |
               +--------+--------+--------+--------+--------+-----+--------+

Top non-repeatable levels by time:
     D:2: 1144 daAuts
     D:1: 569 daAuts
     D:3: 413 daAuts
